 Dungeon Crawl Stone Soup version 0.30.0-16-gbe6223bb7e (webtiles) character file.

Game seed: 4274223077174800016

532 Rangus the Caller (level 7, 0/56 HPs)
             Began as a Gnoll Wanderer on May 21, 2023.
             Was a Follower of Vehumet.
             Slain by a hornet zombie (10 damage)
             ... on level 6 of the Dungeon.
             The game lasted 00:19:29 (4513 turns).

Rangus the Caller (Gnoll Wanderer)                  Turns: 4513, Time: 00:19:30

Health: 0/56       AC:  4    Str: 11    XL:     7   Next: 24%
Magic:  12/12      EV: 12    Int: 12    God:    Vehumet [*.....]
Gold:   214        SH:  0    Dex: 15    Spells: 12/13 levels left

rFire   . . .        k - +2 whip (vamp)
rCold   . . .        (no shield)
rNeg    . . .        d - +0 robe
rPois   .            (no helmet)
rElec   .            (no cloak)
rCorr   .            i - +0 pair of gloves
SInv    .            b - +0 pair of boots
Will    .....        p - amulet "Huampill" {Acrobat Contam Dex+2 Slay+2}
Stlth   +++          (no ring)
HPRegen 0.29/turn    (no ring)
MPRegen 0.13/turn

%: acrobat
@: no status effects
A: fangs 1, strong nose, distributed training
a: Renounce Religion


You were on level 6 of the Dungeon.
You worshipped Vehumet.
Vehumet was aware of your devotion.
You visited 1 branch of the dungeon, and saw 6 of its levels.

You collected 214 gold pieces.

Inventory:

Hand Weapons
 a - a +0 quarterstaff
 k - a +2 vampiric whip (weapon)
Armour
 b - a +0 pair of boots (worn)
 d - a +0 robe (worn)
 i - a +0 pair of gloves (worn)
 x - a scarf of shadows
 z - the +1 chain mail of Ignis's Regard {rN+ Str-2 Int+4}
   (You found it on level 4 of the Dungeon)

   Str:       It affects your strength (-2).
   Int:       It affects your intelligence (+4).
   rN:        It protects you from negative energy.
Jewellery
 f - an amulet of guardian spirit
 l - an amulet of regeneration
 p - the amulet "Huampill" (around neck) {Acrobat Contam Dex+2 Slay+2}
   (You acquired it on level 4 of the Dungeon)

   [amulet of the acrobat]

   It increases your evasion while moving and waiting.
   Dex:       It affects your dexterity (+2).
   Slay:      It affects your accuracy & damage with ranged weapons and melee
   (+2).
   Contam:    It causes magical contamination when unequipped.
 v - an amulet of the acrobat
Scrolls
 c - 5 scrolls of teleportation
 e - 2 scrolls of butterflies
 g - 3 scrolls of identify
 h - 2 scrolls of blinking {unknown}
 u - a scroll of fear
Potions
 j - a potion of berserk rage {unknown}
 m - 2 potions of haste {unknown}
 n - 4 potions of curing
 o - a potion of degeneration {unknown}
 q - 2 potions of mutation {unknown}
 r - a potion of resistance {unknown}
 s - a potion of magic {unknown}
 t - a potion of ambrosia
 w - 2 potions of brilliance


   Skills:
 + Level 5.2 Fighting
 + Level 2.4 Short Blades
 + Level 2.4 Long Blades
 + Level 2.4 Axes
 + Level 2.4 Maces & Flails
 + Level 2.4 Polearms
 + Level 5.2 Staves
 + Level 2.4 Ranged Weapons
 + Level 2.4 Throwing
 + Level 2.4 Armour
 + Level 2.4 Dodging
 + Level 4.9 Stealth
 + Level 2.4 Shields
 + Level 2.4 Unarmed Combat
 + Level 3.8 Spellcasting
 + Level 2.0 Conjurations
 + Level 2.0 Hexes
 + Level 5.8 Summonings
 + Level 2.0 Necromancy
 + Level 2.0 Translocations
 + Level 2.0 Transmutations
 + Level 2.0 Fire Magic
 + Level 2.0 Ice Magic
 + Level 2.0 Air Magic
 + Level 2.0 Earth Magic
 + Level 2.0 Poison Magic
 + Level 2.7 Invocations
 + Level 2.4 Evocations


You had 12 spell levels left.
You knew the following spells:

 Your Spells              Type           Power      Damage    Failure   Level
a - Summon Small Mammal   Summ           64%        N/A       1%          1

Your spell library contained the following spells:

 Spells                   Type           Power      Damage    Failure   Level
 Freeze                   Ice            28%        1d5       10%         1
 Shock                    Conj/Air       28%        1d4       10%         1
 Slow                     Hex            28%        N/A       10%         1
 Summon Guardian Golem    Hex/Summ       11%        N/A       14%         3
 Confusing Touch          Hex            7%         N/A       30%         3
 Swiftness                Air            7%         N/A       30%         3
 Vampiric Draining        Necr           7%         2d6       30%         3
 Vhi's Electric Charge    Tloc/Air       14%        N/A       30%         3
 Summon Ice Beast         Ice/Summ       11%        N/A       41%         4
 Petrify                  Tmut/Erth      7%         N/A       69%         4
 Summon Forest            Summ/Tloc      5%         N/A       77%         5
 Arcjolt                  Conj/Air       3%         1d13      95%         5
 Metabolic Englaciation   Hex/Ice        3%         N/A       95%         5
 Eringya's Noxious Bog    Tmut/Pois      3%         N/A       100%        6
 Iron Shot                Conj/Erth      3%         9d2       100%        6
 Statue Form              Tmut/Erth      4%         N/A       100%        6
 Summon Hydra             Summ           8%         N/A       100%        7
 Maxwell's Capacitive Co  Air            3%         ∞         100%        8


Dungeon Overview and Level Annotations

Branches:
Dungeon (6/15)
 Temple: D:4-7

Altars:
Ashenzari
Makhleb
Uskayaw
Vehumet
Yredelemnul
The Shining One

Annotations:
D:5 Eustachio


Innate Abilities, Weirdness & Mutations

You have very sharp teeth.
Your uncanny sense of smell can sniff out nearby items.
Your experience applies equally to all skills.


Message History

The hornet zombie is lightly damaged.
The hornet zombie hits you but does no damage.
You whack the hornet zombie! You bite the hornet zombie.
The hornet zombie is moderately damaged.
The hornet zombie hits you!
You hit the hornet zombie.
The hornet zombie is heavily damaged.
The hornet zombie hits you.
You hit the hornet zombie but do no damage.
The hornet zombie is heavily damaged.
The hornet zombie barely misses you. The hornet zombie hits you!
You hit the hornet zombie.
The hornet zombie is heavily damaged.
The hornet zombie hits you.
You hit the hornet zombie but do no damage.
The hornet zombie is heavily damaged.
The hornet zombie hits you!
* * * LOW HITPOINT WARNING * * *
You feel better. The hornet zombie closely misses you.
The hornet zombie hits you!
* * * LOW HITPOINT WARNING * * *
You whack the hornet zombie!
You punch the hornet zombie, but do no damage.
You bite the hornet zombie.
The hornet zombie is severely damaged.
The hornet zombie barely misses you.
You completely miss the hornet zombie.
The hornet zombie is severely damaged.
The hornet zombie closely misses you.
You hit the hornet zombie but do no damage.
The hornet zombie is severely damaged.
The hornet zombie misses you. The hornet zombie closely misses you.
You hit the hornet zombie but do no damage.
Your punch misses the hornet zombie.
You bite the hornet zombie, but do no damage.
The hornet zombie is severely damaged.
The hornet zombie hits you!
* * * LOW HITPOINT WARNING * * *
You feel better. The hornet zombie hits you!
You die...

.......#....'....# #
∆ #♣...♣..#####....##
#
♣....♣♣.'.........###
♣...♣♣.########....
♣♣♣♣♣.♣.# #....
♣......♣# #.... #
♣._.♣..♣ #.... ...
♣...♣♣.♣ #....
#...♣♣♣@♣.♣.. #....
♣.$ZZ♣.♣ ... #####
#.♣..♣.♣♣ ..... #♣♣
♣.# ##.## ## .#


You could see a hornet zombie and a howler monkey zombie.

Vanquished Creatures
  2 scorpions (D:4)
  A hound (D:4)
  An orc priest (D:4)
  Natasha (D:4)
  An orc wizard (D:4)
  2 killer bee zombies (D:6)
  2 howler monkey zombies (D:6)
  3 gnolls (D:3)
  14 adders
  2 worms
  9 orcs
  4 ball pythons
  3 endoplasms
  2 giant cockroaches (D:1)
  7 goblins
  5 hobgoblins
  4 jackals (D:3)
  2 quokkas
  7 bats
  3 frilled lizards
  9 kobolds
  3 rats
87 creatures vanquished.

Vanquished Creatures (collateral kills)
  A ball python (D:1)
  An endoplasm (D:1)
  A bat (D:2)
  A frilled lizard (D:1)
4 creatures vanquished.

Grand Total: 91 creatures vanquished

Notes
Turn   | Place    | Note
-------+----------+-------------------------------------------
     0 | D:1      | Rangus the Gnoll Wanderer began the quest for the Orb.
     0 | D:1      | Rangus set off with the following items: a +0 quarterstaff,
                  | a +0 pair of boots, a scroll of teleportation, a +0 robe;
                  | and the following spell memorised: Summon Small Mammal; and
                  | the following spells available to memorise: Summon Guardian
                  | Golem, Summon Ice Beast.
     0 | D:1      | Reached XP level 1. HP: 20/20 MP: 4/4
   130 | D:1      | Reached XP level 2. HP: 22/26 MP: 5/5
   152 | D:1      | Got the Codex of Mud and Fumes
   582 | D:1      | Found a faded altar of an unknown god.
   920 | D:2      | Reached XP level 3. HP: 28/31 MP: 0/7
  1024 | D:2      | Reached skill level 1 in Invocations
  1060 | D:2      | Reached skill level 1 in Short Blades
  1060 | D:2      | Reached skill level 1 in Long Blades
  1060 | D:2      | Reached skill level 1 in Axes
  1060 | D:2      | Reached skill level 1 in Maces & Flails
  1060 | D:2      | Reached skill level 1 in Polearms
  1060 | D:2      | Reached skill level 1 in Ranged Weapons
  1060 | D:2      | Reached skill level 1 in Throwing
  1060 | D:2      | Reached skill level 1 in Armour
  1060 | D:2      | Reached skill level 1 in Dodging
  1060 | D:2      | Reached skill level 1 in Shields
  1060 | D:2      | Reached skill level 1 in Unarmed Combat
  1060 | D:2      | Reached skill level 1 in Evocations
  1105 | D:2      | Found a burning altar of Makhleb.
  1190 | D:2      | Reached XP level 4. HP: 33/38 MP: 6/8
  1587 | D:2      | Reached skill level 1 in Conjurations
  1587 | D:2      | Reached skill level 1 in Hexes
  1587 | D:2      | Reached skill level 1 in Necromancy
  1587 | D:2      | Reached skill level 1 in Translocations
  1587 | D:2      | Reached skill level 1 in Transmutations
  1587 | D:2      | Reached skill level 1 in Fire Magic
  1587 | D:2      | Reached skill level 1 in Ice Magic
  1587 | D:2      | Reached skill level 1 in Air Magic
  1587 | D:2      | Reached skill level 1 in Earth Magic
  1587 | D:2      | Reached skill level 1 in Poison Magic
  1775 | D:3      | Found a large runed translucent door.
  1776 | D:3      | Found a large runed translucent door.
  1799 | D:3      | Found a glowing golden altar of the Shining One.
  1810 | D:3      | Found a radiant altar of Vehumet.
  1816 | D:3      | Became a worshipper of Vehumet
  2022 | D:3      | Reached XP level 5. HP: 43/43 MP: 9/9
  2706 | D:4      | Identified the +1 chain mail of Ignis's Regard {rN+ Str-2
                  | Int+4}
  2728 | D:4      | Reached * piety under Vehumet
  2728 | D:4      | Offered knowledge of Freeze by Vehumet.
  2781 | D:4      | Reached XP level 6. HP: 15/50 MP: 9/11
  2838 | D:4      | Identified a scroll of acquirement
  2838 | D:4      | Acquired the amulet "Huampill" {Acrobat Contam Dex+2
                  | Slay+2}
  2854 | D:4      | Found a broken altar of Ashenzari.
  2875 | D:4      | Reached skill level 5 in Fighting
  2875 | D:4      | Reached skill level 5 in Staves
  3181 | D:4      | Noticed Natasha
  3206 | D:4      | Killed Natasha
  3663 | D:4      | Reached XP level 7. HP: 44/56 MP: 12/12
  3972 | D:4      | Found a hide-covered altar of Uskayaw.
  4068 | D:5      | Entered Level 5 of the Dungeon
  4211 | D:5      | Noticed Eustachio
  4257 | D:6      | Found a basalt altar of Yredelemnul.
  4512 | D:6      | HP: 2/56 [hornet zombie (8)]
  4513 | D:6      | Slain by a hornet zombie

Illustrated notes

Levels and vault maps discovered:
D:1:      psy_arrival_basics, layout_basic, shapermc_ecumenical_altar_acropolis,
          amethyst_killhole
D:2:      layout_loops_ring, basic_altar, minivault_27
D:3:      layout_loops_ring, jmf_multi_god_temple2, minmay_quadrilaterals
D:4:      layout_loops_corners, mainiacjoe_overflow_alcove_2,
          mainiacjoe_overflow_boulevard, minmay_temple_entry_poolview,
          roderic_filled_cross, uniq_natasha
D:5:      minmay_razor_zed, layout_layer_cave, nicolae_dithmenos_the_darkroom,
          uniq_eustachio, uniq_crazy_yiuf_cottage
D:6:      layout_basic, trog_wizard, old_standard_altar,
          nicolae_yredelemnul_corpse_copse,
          nicolae_concentric_dashed_squares_wild, grunt_ministairs_15,
          minmay_crossroads, uniq_pikel

Skill      XL: |  1  2  3  4  5  6  7 |
---------------+----------------------+-----
Invocations    | 1 2 |  2.7
Short Blades   | 1 2 |  2.4
Long Blades    | 1 2 |  2.4
Axes           | 1 2 |  2.4
Maces & Flails | 1 2 |  2.4
Polearms       | 1 2 |  2.4
Ranged Weapons | 1 2 |  2.4
Throwing       | 1 2 |  2.4
Armour         | 1 2 |  2.4
Dodging        | 1 2 |  2.4
Shields        | 1 2 |  2.4
Unarmed Combat | 1 2 |  2.4
Evocations     | 1 2 |  2.4
Spellcasting   | 3 |  3.8
Conjurations   | 1 2 |  2.0
Hexes          | 1 2 |  2.0
Necromancy     | 1 2 |  2.0
Translocations | 1 2 |  2.0
Transmutations | 1 2 |  2.0
Fire Magic     | 1 2 |  2.0
Ice Magic      | 1 2 |  2.0
Air Magic      | 1 2 |  2.0
Earth Magic    | 1 2 |  2.0
Poison Magic   | 1 2 |  2.0
Fighting       | 5 |  5.2
Staves         | 5 |  5.2
Stealth        | |  4.9
Summonings     | |  5.8

Action                     |  1- 3 |  4- 6 |  7- 9 || total
---------------------------+-------+-------+-------++-------
  Melee: Quarterstaff      |    32 |       |       ||    32
         Whip              |    66 |   248 |    55 ||   369
         Bite              |     3 |    28 |     8 ||    39
         Punch             |       |     2 |     2 ||     4
   Cast: Summon Small Mamm |    21 |    15 |       ||    36
    Use: Scroll            |       |     7 |     1 ||     8
         Potion            |       |     2 |     6 ||     8
   Stab: Sleeping          |     4 |    12 |     2 ||    18
         Distracted        |       |     1 |       ||     1
 Armour: Robe              |    42 |    49 |    10 ||   101
  Dodge: Dodged            |    93 |   146 |    98 ||   337
